TOP OF THE 1ST |
Columbus Clippers batting - Pitching for Toledo Mud Hens : RHP Wayne McAllister
|
Pitching: RHP Wayne McAllister
|
|
Batting: LHB Norihide Takata
|
0-0: Ball 1-0: Ball 2-0: Foul Ball, location: 2F 2-1: Swinging Strike 2-2: Ball 3-2: Strikes out looking
|
Batting: RHB Chris Diaz
|
0-0: Called Strike 0-1: Called Strike 0-2: Foul Ball, location: 2F 0-2: Ball 1-2: Strikes out looking
|
Batting: RHB Jordan Diaz
|
0-0: Called Strike 0-1: Ground out 5-3 (Groundball, 56, EV 88.1 MPH)
|
Top of the 1st over - 0 runs, 0 hits, 0 errors, 0 left on base; Columbus 0 - Toledo 0 |
BOTTOM OF THE 1ST |
Toledo Mud Hens batting - Pitching for Columbus Clippers : RHP Corey Rizzuto
|
Pitching: RHP Corey Rizzuto
|
|
Batting: LHB Jamel Alexander
|
0-0: Called Strike 0-1: Swinging Strike 0-2: Ball 1-2: Ball 2-2: SINGLE (Popup, 6MD, EV 46.2 MPH)
|
Batting: LHB Frank McConnell
|
0-0: Ball 1-0: Ball Wild Pitch! Jamel Alexander to second 2-0: Ball 3-0: Called Strike 3-1: Base on Balls
|
Batting: LHB Conrad Taylor
|
0-0: Ball 1-0: Ball 2-0: Ball 3-0: Base on Balls Jamel Alexander to third Frank McConnell to second
|
Batting: LHB Andy Schumacher
|
0-0: Ball 1-0: Ball 2-0: Called Strike 2-1: Foul Ball, location: 2F 2-2: Strikes out looking
|
Batting: RHB Tim Borden
|
0-0: Ball 1-0: Ball 2-0: Called Strike 2-1: Foul Ball, location: 2F 2-2: Ball 3-2: Foul Ball, location: 2F 3-2: Foul Ball, location: 2F 3-2: Base on Balls Jamel Alexander scores Frank McConnell to third Conrad Taylor to second
|
Batting: RHB Steve Clark
|
0-0: Ball 1-0: Swinging Strike 1-1: Ball 2-1: Called Strike 2-2: Foul Ball, location: 2F 2-2: Grounds into double play, 3-6-1 (Groundball, 34, EV 111.9 MPH)
|
Bottom of the 1st over - 1 run, 1 hit, 0 errors, 2 left on base; Columbus 0 - Toledo 1 |
TOP OF THE 2ND |
Columbus Clippers batting - Pitching for Toledo Mud Hens : RHP Wayne McAllister
|
Batting: SHB Mike Gross
|
0-0: Foul Ball, location: 2F 0-1: Ground out 6-3 (Groundball, 6S, EV 91.2 MPH)
|
Batting: RHB Chris Folse
|
0-0: Swinging Strike 0-1: Called Strike 0-2: Ball 1-2: Strikes out swinging
|
Batting: SHB Joe Zeiset
|
0-0: Ball 1-0: Fly out, F6 (Flyball, 56D, EV 89.4 MPH)
|
Top of the 2nd over - 0 runs, 0 hits, 0 errors, 0 left on base; Columbus 0 - Toledo 1 |
BOTTOM OF THE 2ND |
Toledo Mud Hens batting - Pitching for Columbus Clippers : RHP Corey Rizzuto
|
Batting: RHB Zach Koblinski
|
0-0: Ball 1-0: Foul Ball, location: 2F 1-1: Foul Ball, location: 2F 1-2: Ball 2-2: SINGLE (Line Drive, 78M, EV 108.1 MPH)
|
Batting: SHB Raul Morales
|
0-0: Called Strike 0-1: Ball 1-1: Foul Ball, location: 2F 1-2: Fielders Choice at 2nd, 4-6 (Groundball, 4, EV 91.2 MPH)
|
Batting: RHB Josh Stinnett
|
0-0: Called Strike 0-1: Ball Raul Morales steals 2nd base 1-1: 2-RUN HOME RUN (Flyball, 7D, EV 96.2 MPH), Distance : 377 ft
|
Batting: LHB Jamel Alexander
|
0-0: Called Strike 0-1: Ground out 6-3 (Groundball, 6, EV 80.6 MPH)
|
Batting: LHB Frank McConnell
|
0-0: Ball 1-0: Called Strike 1-1: Swinging Strike 1-2: Ball 2-2: SINGLE (Groundball, 4MD, EV 93.8 MPH)
|
Batting: LHB Conrad Taylor
|
0-0: Ball Frank McConnell steals 2nd base 1-0: Called Strike 1-1: Fly out, F8 (Line Drive, 8LM, EV 96.9 MPH)
|
Bottom of the 2nd over - 2 runs, 3 hits, 0 errors, 1 left on base; Columbus 0 - Toledo 3 |
TOP OF THE 3RD |
Columbus Clippers batting - Pitching for Toledo Mud Hens : RHP Wayne McAllister
|
Batting: LHB Doug Frampton
|
0-0: Called Strike 0-1: Ball 1-1: Called Strike 1-2: Ball 2-2: Ball 3-2: SOLO HOME RUN (Flyball, 89XD, EV 110.6 MPH), Distance : 408 ft
|
Batting: LHB Jose Mojica
|
0-0: Called Strike 0-1: Ball 1-1: Ball 2-1: Foul Ball, location: 2F 2-2: Strikes out looking
|
Batting: LHB Jeremy DiGenova
|
0-0: Ball 1-0: Foul Ball, location: 2F 1-1: Ball 2-1: Ball 3-1: Swinging Strike 3-2: SINGLE (Groundball, 34D, EV 108.8 MPH)
|
Batting: LHB Norihide Takata
|
0-0: Foul Ball, location: 2F 0-1: Ball 1-1: 2-RUN HOME RUN (Flyball, 78XD, EV 96.2 MPH), Distance : 390 ft
|
Batting: RHB Chris Diaz
|
0-0: Ball 1-0: Fly out, F4 (Popup, 4, EV 69.4 MPH)
|
Batting: RHB Jordan Diaz
|
0-0: Ball 1-0: Swinging Strike 1-1: Foul Ball, location: 2F 1-2: Ball 2-2: Ball 3-2: Foul Ball, location: 2F 3-2: Strikes out swinging
|
Top of the 3rd over - 3 runs, 3 hits, 0 errors, 0 left on base; Columbus 3 - Toledo 3 |
BOTTOM OF THE 3RD |
Toledo Mud Hens batting - Pitching for Columbus Clippers : RHP Corey Rizzuto
|
Batting: LHB Andy Schumacher
|
0-0: Ball 1-0: Fly out, F7 (Flyball, 7, EV 81.9 MPH)
|
Batting: RHB Tim Borden
|
0-0: SINGLE (Line Drive, 8LM, EV 99.4 MPH)
|
Batting: RHB Steve Clark
|
0-0: Ball 1-0: Ball 2-0: Ball 3-0: Called Strike 3-1: Fly out, F9 (Flyball, 89D, EV 87.5 MPH)
|
Batting: RHB Zach Koblinski
|
0-0: SINGLE (Groundball, 6MD, EV 105.0 MPH) Tim Borden to second Runner from 2nd tries for 3rd, SAFE, throw by CF made to third Zach Koblinski to second
|
Batting: SHB Raul Morales
|
0-0: Foul Ball, location: 2F 0-1: Ball 1-1: Ball 2-1: Ball 3-1: Ground out 3-1 (Groundball, 34S, EV 92.5 MPH)
|
Bottom of the 3rd over - 0 runs, 2 hits, 0 errors, 2 left on base; Columbus 3 - Toledo 3 |
TOP OF THE 4TH |
Columbus Clippers batting - Pitching for Toledo Mud Hens : RHP Wayne McAllister
|
Batting: SHB Mike Gross
|
0-0: Fly out, F9 (Flyball, 9, EV 90.0 MPH)
|
Batting: RHB Chris Folse
|
0-0: Ball 1-0: Hit by Pitch
|
Batting: SHB Joe Zeiset
|
0-0: Ball 1-0: Bunt missed! 1-1: Called Strike Chris Folse steals 2nd base 1-2: SINGLE (Groundball, P, EV 97.5 MPH) Chris Folse to third Runner from 3rd tries for Home, SAFE, throw by CF to home
|
Batting: LHB Doug Frampton
|
0-0: Ball 1-0: Swinging Strike 1-1: Ball 2-1: Foul Ball, location: 2F 2-2: Foul Ball, location: 2F 2-2: Ball Joe Zeiset steals 2nd, throwing error, E2 Joe Zeiset to third 3-2: Strikes out swinging
|
Batting: LHB Jose Mojica
|
0-0: Ball 1-0: Ball 2-0: Ball 3-0: Called Strike 3-1: Foul Ball, location: 2F 3-2: Foul Ball, location: 2F 3-2: Base on Balls
|
Batting: LHB Jeremy DiGenova
|
0-0: Ball 1-0: Ground out 4-3 (Groundball, 4, EV 102.5 MPH)
|
Top of the 4th over - 1 run, 1 hit, 1 error, 2 left on base; Columbus 4 - Toledo 3 |
BOTTOM OF THE 4TH |
Toledo Mud Hens batting - Pitching for Columbus Clippers : RHP Corey Rizzuto
|
Batting: RHB Josh Stinnett
|
0-0: Ground out 5-3 (Groundball, 5, EV 80.0 MPH)
|
Batting: LHB Jamel Alexander
|
0-0: Foul Ball, location: 2F 0-1: Ball 1-1: Bunted foul 1-2: Ball 2-2: Foul Ball, location: 2F 2-2: Ball 3-2: Base on Balls
|
Batting: LHB Frank McConnell
|
0-0: Ball Jamel Alexander steals 2nd base 1-0: Called Strike 1-1: Called Strike 1-2: Foul Ball, location: 2F 1-2: Ball 2-2: Strikes out swinging
|
Batting: LHB Conrad Taylor
|
0-0: Ball 1-0: SINGLE (Groundball, 56D, EV 103.8 MPH) Jamel Alexander to third Throwing error, E7 Jamel Alexander scores Conrad Taylor to second
|
Pitching: LHP Terry LaPlante
|
|
Batting: LHB Andy Schumacher
|
0-0: Called Strike 0-1: Ball 1-1: Ball 2-1: Ground out 5-3 (Groundball, 56, EV 82.5 MPH)
|
Bottom of the 4th over - 1 run, 1 hit, 1 error, 1 left on base; Columbus 4 - Toledo 4 |
TOP OF THE 5TH |
Columbus Clippers batting - Pitching for Toledo Mud Hens : RHP Wayne McAllister
|
Batting: LHB Norihide Takata
|
0-0: Ball 1-0: Foul Ball, location: 2F 1-1: DOUBLE (Flyball, 8RXD, EV 98.1 MPH)
|
Batting: RHB Chris Diaz
|
0-0: Ground out U3 (Groundball, 34S, EV 88.8 MPH) Norihide Takata to third
|
Batting: RHB Jordan Diaz
|
0-0: Ball 1-0: Called Strike 1-1: Ball 2-1: Foul Ball, location: 2F 2-2: Foul Ball, location: 2F 2-2: Ball 3-2: Foul Ball, location: 2F 3-2: SINGLE (Flyball, 89S, EV 93.1 MPH) Norihide Takata scores
|
Batting: SHB Mike Gross
|
0-0: Ball Jordan Diaz steals 2nd base 1-0: Fly out, F7 (Line Drive, 7, EV 94.4 MPH)
|
Batting: RHB Chris Folse
|
0-0: Foul Ball, location: 2F 0-1: Ball 1-1: Called Strike 1-2: Strikes out swinging
|
Top of the 5th over - 1 run, 2 hits, 0 errors, 1 left on base; Columbus 5 - Toledo 4 |
BOTTOM OF THE 5TH |
Toledo Mud Hens batting - Pitching for Columbus Clippers : LHP Terry LaPlante
|
Batting: RHB Tim Borden
|
0-0: Called Strike 0-1: Foul Ball, location: 2F 0-2: Strikes out swinging
|
Batting: RHB Steve Clark
|
0-0: Ball 1-0: Ball 2-0: Foul Ball, location: 2F 2-1: Ball 3-1: Foul Ball, location: 2F 3-2: Base on Balls
|
Batting: RHB Zach Koblinski
|
0-0: TRIPLE (Flyball, 78XD, EV 101.2 MPH) Steve Clark scores
|
Batting: SHB Raul Morales
|
0-0: Swinging Strike 0-1: Fly out, F3 (Popup, 23F, EV 86.2 MPH)
|
Batting: RHB Josh Stinnett
|
0-0: Foul Ball, location: 2F 0-1: Ground out 4-3 (Groundball, 4M, EV 101.2 MPH)
|
Bottom of the 5th over - 1 run, 1 hit, 0 errors, 1 left on base; Columbus 5 - Toledo 5 |
TOP OF THE 6TH |
Columbus Clippers batting - Pitching for Toledo Mud Hens : RHP Wayne McAllister
|
Batting: SHB Joe Zeiset
|
0-0: Swinging Strike 0-1: Ground out 4-3 (Groundball, 4, EV 86.2 MPH)
|
Batting: LHB Doug Frampton
|
0-0: Called Strike 0-1: Ball 1-1: Ball 2-1: Foul Ball, location: 2F 2-2: Foul Ball, location: 2F 2-2: Strikes out swinging
|
Batting: LHB Jose Mojica
|
0-0: Ball 1-0: Ground out 4-3 (Groundball, 4, EV 92.5 MPH)
|
Top of the 6th over - 0 runs, 0 hits, 0 errors, 0 left on base; Columbus 5 - Toledo 5 |
BOTTOM OF THE 6TH |
Toledo Mud Hens batting - Pitching for Columbus Clippers : LHP Terry LaPlante
|
Batting: LHB Jamel Alexander
|
0-0: Called Strike 0-1: Foul Ball, location: 2F 0-2: Ball 1-2: Ball 2-2: Foul Ball, location: 2F 2-2: Fly out, F8 (Flyball, 8LM, EV 92.5 MPH)
|
Batting: LHB Frank McConnell
|
0-0: Ball 1-0: Called Strike 1-1: Foul Ball, location: 2F 1-2: Foul Ball, location: 2F 1-2: Ground out U3 (Groundball, 3, EV 105.6 MPH)
|
Batting: LHB Conrad Taylor
|
0-0: Ball 1-0: Called Strike 1-1: Ball 2-1: Foul Ball, location: 2F 2-2: Foul Ball, location: 2F 2-2: Foul Ball, location: 2F 2-2: Ball 3-2: Foul Ball, location: 2F 3-2: Base on Balls
|
Pitching: LHP Eric Larsen
|
|
Batting: LHB Andy Schumacher
|
0-0: Ball 1-0: Fly out, F7 (Flyball, 78XD, EV 90.6 MPH)
|
Bottom of the 6th over - 0 runs, 0 hits, 0 errors, 1 left on base; Columbus 5 - Toledo 5 |
TOP OF THE 7TH |
Columbus Clippers batting - Pitching for Toledo Mud Hens : RHP Wayne McAllister
|
Batting: LHB Jeremy DiGenova
|
0-0: Ball 1-0: Ball 2-0: Ball 3-0: Base on Balls
|
Pitching: RHP Isma'il bin Burhan
|
|
Batting: LHB Norihide Takata
|
0-0: Bunt missed! 0-1: Bunt missed! 0-2: Foul Ball, location: 2F 0-2: Ball 1-2: DOUBLE (Flyball, 8RXD, EV 95.0 MPH) Jeremy DiGenova to third Runner from 3rd tries for Home, SAFE, throw by CF to home
|
Batting: RHB Chris Diaz
|
0-0: Ball 1-0: Ball 2-0: Ground out 5-3 (Groundball, 56, EV 83.1 MPH)
|
Batting: RHB Jordan Diaz
|
0-0: Intentional Walk
|
Batting: SHB Mike Gross
|
0-0: Swinging Strike 0-1: Called Strike 0-2: Strikes out looking
|
Batting: RHB Chris Folse
|
0-0: Ball 1-0: Foul Ball, location: 2F 1-1: Foul Ball, location: 2F Pickoff Throw to Second - Error! E1 Norihide Takata to third Jordan Diaz to second 1-2: Strikes out swinging
|
Top of the 7th over - 1 run, 1 hit, 1 error, 2 left on base; Columbus 6 - Toledo 5 |
BOTTOM OF THE 7TH |
Toledo Mud Hens batting - Pitching for Columbus Clippers : LHP Eric Larsen
|
Pitching: RHP Jon Samer
|
|
Batting: RHB Tim Borden
|
0-0: SOLO HOME RUN (Flyball, 7D, EV 96.2 MPH), Distance : 354 ft
|
Batting: RHB Steve Clark
|
0-0: Ball 1-0: Ball 2-0: Ball 3-0: Called Strike 3-1: Foul Ball, location: 2F 3-2: Ground out 4-3 (Groundball, 13, EV 84.4 MPH)
|
Batting: RHB Zach Koblinski
|
0-0: Ball 1-0: Swinging Strike 1-1: Swinging Strike 1-2: Ball 2-2: Strikes out swinging
|
Batting: SHB Raul Morales
|
0-0: Ball 1-0: Ground out 4-3 (Groundball, 4S, EV 91.9 MPH)
|
Bottom of the 7th over - 1 run, 1 hit, 0 errors, 0 left on base; Columbus 6 - Toledo 6 |
TOP OF THE 8TH |
Columbus Clippers batting - Pitching for Toledo Mud Hens : RHP Isma'il bin Burhan
|
Batting: SHB Joe Zeiset
|
0-0: Called Strike 0-1: Ball 1-1: Foul Ball, location: 2F 1-2: Strikes out swinging
|
Batting: LHB Doug Frampton
|
0-0: Ball 1-0: Called Strike 1-1: Foul Ball, location: 2F 1-2: Ball 2-2: Ball 3-2: Base on Balls
|
Batting: LHB Jose Mojica
|
0-0: Ball 1-0: Called Strike 1-1: Swinging Strike 1-2: Strikes out swinging
|
Batting: LHB Jeremy DiGenova
|
0-0: Called Strike 0-1: Ball 1-1: Ball 2-1: Called Strike 2-2: DOUBLE (Line Drive, 78XD, EV 110.6 MPH) Doug Frampton to third
|
Batting: LHB Norihide Takata
|
0-0: Ball 1-0: Ball 2-0: Called Strike 2-1: SINGLE (Groundball, 6D, EV 96.9 MPH) Doug Frampton scores Jeremy DiGenova to third Throwing error, E7 Jeremy DiGenova scores Norihide Takata to second
|
Batting: RHB Chris Diaz
|
0-0: Ball 1-0: Called Strike 1-1: Fly out, F7 (Flyball, 7LM, EV 103.8 MPH)
|
Top of the 8th over - 2 runs, 2 hits, 1 error, 1 left on base; Columbus 8 - Toledo 6 |
BOTTOM OF THE 8TH |
Toledo Mud Hens batting - Pitching for Columbus Clippers : RHP Jon Samer
|
Batting: RHB Josh Stinnett
|
0-0: Ball 1-0: Ball 2-0: Called Strike 2-1: Foul Ball, location: 2F 2-2: Ball 3-2: Fly out, F6 (Line Drive, 6, EV 64.4 MPH)
|
Batting: LHB Jamel Alexander
|
0-0: Called Strike 0-1: Ground out 4-3 (Groundball, 34, EV 99.4 MPH)
|
Batting: LHB Frank McConnell
|
0-0: Called Strike 0-1: Called Strike 0-2: Ball 1-2: Ball 2-2: Ground out U3 (Groundball, 3, EV 100.0 MPH)
|
Bottom of the 8th over - 0 runs, 0 hits, 0 errors, 0 left on base; Columbus 8 - Toledo 6 |
TOP OF THE 9TH |
Columbus Clippers batting - Pitching for Toledo Mud Hens : RHP Isma'il bin Burhan
|
Pitching: RHP Ken Howington
|
|
Batting: RHB Jordan Diaz
|
0-0: SINGLE (Line Drive, 56D, EV 96.2 MPH)
|
Batting: SHB Mike Gross
|
0-0: Foul Ball, location: 2F 0-1: Ball 1-1: Ball 2-1: Called Strike 2-2: Ball 3-2: Base on Balls Jordan Diaz to second
|
Batting: RHB Chris Folse
|
0-0: Called Strike 0-1: Called Strike 0-2: Ball 1-2: Ground out 5-3 (Groundball, 56S, EV 73.8 MPH) Jordan Diaz to third Mike Gross to second
|
Batting: SHB Joe Zeiset
|
0-0: Called Strike 0-1: Swinging Strike 0-2: Strikes out swinging
|
Batting: LHB Doug Frampton
|
0-0: Foul Ball, location: 2F 0-1: Foul Ball, location: 2F 0-2: Strikes out swinging
|
Top of the 9th over - 0 runs, 1 hit, 0 errors, 2 left on base; Columbus 8 - Toledo 6 |
BOTTOM OF THE 9TH |
Toledo Mud Hens batting - Pitching for Columbus Clippers : RHP Jon Samer
|
Pitching: RHP John Morrison
|
|
Now at 1B: Norihide Takata
|
|
Now at 2B: Jose Mojica
|
|
Now at SS: Carlos Lopez
|
|
Batting: LHB Conrad Taylor
|
0-0: Ball 1-0: Foul Ball, location: 2F 1-1: Swinging Strike 1-2: Ball 2-2: Foul Ball, location: 2F 2-2: Foul Ball, location: 2F 2-2: Fly out, F3 (Line Drive, 3, EV 70.0 MPH)
|
Batting: LHB Andy Schumacher
|
0-0: Foul Ball, location: 2F 0-1: Swinging Strike 0-2: Foul Ball, location: 2F 0-2: Foul Ball, location: 2F 0-2: Ball 1-2: Fly out, F5 (Popup, 5SF, EV 76.9 MPH)
|
Batting: RHB Tim Borden
|
0-0: Ground out 5-3 (Groundball, 56S, EV 91.9 MPH)
|
Bottom of the 9th over - 0 runs, 0 hits, 0 errors, 0 left on base; Columbus 8 - Toledo 6 |
|